cohdb
Replays
Latest Replays
All Replays
Popular Replays
Top Player Replays
Match Explorer
How It Works
Community
CoH3 Stats
Reddit
Sign in to upload your games and track your stats! →
Sign in with Steam
Match 42938708
Unlisted
Match 42938708
Overview
Messages
Build Orders
End
Selects Australian Defense Battlegroup
Selects Australian Light Infantry Section
Australian Light Infantry Section
Royal Engineer Section
Australian Light Infantry Section
Construct Section Command Post
Infantry Section
Construct Field Infirmary
Construct Platoon Command Post
Humber Armored Car
Selects CMP 15cwt Supply Run
Selects Reinforced Resource Caches
CMP 15cwt Supply Run
Selects 2-pounder Anti-tank Gun Team
TestingWarHead
Goodvyn
0
0
Comments
sign in to comment!
No comments posted yet!